[Event "Czech Open-Rapid 2022"]
[Site "Pardubice"]
[Date "2022.07.20"]
[Round "3.13"]
[White "Babula, Vlastimil jr"]
[Black "Dobrowolski, Piotr"]
[Result "0-1"]
[ECO "B57"]
[WhiteElo "2039"]
[BlackElo "2423"]
[Annotator "TA"]
[PlyCount "198"]
[EventDate "2022.07.20"]
[EventType "swiss"]
[EventCountry "CZE"]
[SourceTitle "playchess.com"]
[Source "ChessBase"]
[SourceQuality "1"]
[TimeControl "1200+10"]

1. e4 c5 2. Nf3 Nc6 3. d4 cxd4 4. Nxd4 Nf6 5. Nc3 d6 6. Bc4 e5 7. Nf5 {[%emt 0:00:05] B57: Classical Sicilian: Sozin with 6...Qb6.} Be6 8. Ne3 Rc8 (8... Bxc4 {feels hotter.} 9. Nxc4 Nxe4 10. Nxe4 d5) 9. Bd5 {[%emt 0:03:19] White is slightly better.} Be7 10. O-O O-O {[%emt 0:00:02] [#]} 11. f3 $146 ({Predecessor:} 11. Kh1 g6 12. f3 Qd7 13. Rf2 Nd4 14. Bb3 Nxb3 15. axb3 a6 16. Ned5 Bxd5 17. Nxd5 Nxd5 18. Qxd5 {0-1 (49) Bragin,A (2396)-Epishin,V (2600) Kazan 2005}) 11... Qd7 12. Kh1 Bd8 13. Bb3 Nd4 14. Ned5 Bxd5 15. Nxd5 Nxd5 16. exd5 Bb6 17. Qd3 (17. c3 $11 {keeps the balance.} Nxb3 18. axb3) 17... f5 $1 $17 18. Bd2 f4 19. Be1 Nf5 20. Bf2 Bxf2 21. Rxf2 Rf6 22. c3 Rh6 23. Bc2 Rf8 24. Kg1 Rh5 25. Qd2 Ne3 26. Be4 $2 (26. Re1 $17 {is a better chance.}) 26... Rf6 $1 $19 27. Re2 Rfh6 28. g4 {[%emt 0:00:10] [#]} Rh3 (28... fxg3 $1 $19 29. Qxe3 Rxh2 30. Rxh2 Rxh2) 29. Kh1 (29. c4 $1 $15) 29... Qd8 (29... R6h4 $19 {...g5 is the strong threat.} 30. c4 h5) 30. b3 (30. Rc1 $15) 30... R6h4 $1 31. Rg1 Qg5 (31... Kh8 $19 32. c4 b6) 32. a4 $2 (32. c4 $17) 32... h5 33. gxh5 Qxh5 34. Rf2 Rg3 $2 ({Black should try} 34... g5 $19 {And now ...Rg3 would win.} 35. a5 g4 36. fxg4 Nxg4 37. Rxg4+ Qxg4) 35. c4 $1 $15 b6 $40 {[%emt 0:00:30][%mdl 128] With the idea ...g5. White needs to defend precisely.} 36. Qe2 $2 (36. Ra1 $11 {and White has nothing to worry.}) 36... Qg5 $2 (36... a5 $19 37. Ra1 Rgh3) 37. Qe1 $2 (37. Ra1 $11) 37... Rhh3 $2 (37... a5 $19 {Threatens to win with ...Rhh3.} 38. Ra2 Rhh3) 38. a5 bxa5 {[%emt 0:00:11] Black is much more active.} 39. Ra2 $2 (39. c5 $1 $15) 39... Qh5 $2 (39... Rxg1+ 40. Qxg1 Qh5 41. Rf2 $15) ({Better is} 39... Nf5 $1 $19 {( -> ...Rxg1+)} 40. Rf1 Nh4) 40. Qf2 (40. c5 $15 Rxg1+ 41. Kxg1) 40... Rxf3 $19 {[%emt 0:00:43] The board is on fire.} 41. Bxf3 Rxf3 42. Qe2 Nf5 43. c5 dxc5 (43... Ng3+ $19 44. Rxg3 fxg3 45. cxd6 Qf7 46. hxg3 Rxg3) 44. d6 $11 Nxd6 45. Rd2 $1 Nf5 46. Rd8+ Kh7 47. Qe4 $2 (47. Qc4 $1 $11 Ng3+ 48. Kg2 Rxb3 49. Qg8+ (49. Qxb3 Qe2+ 50. Kh3 Qh5+ 51. Kg2 Qe2+ 52. Kh3 Qh5+ 53. Kg2 $11) 49... Kh6 50. Rd6+ (50. Qxb3 Qe2+ 51. Kh3 Qh5+ 52. Kg2 Qe2+ 53. Kh3 Qh5+ 54. Kg2 $11) 50... g6 51. Qh8+ (51. Qxb3 Ne4 $11) (51. Qf8+ $2 Kg5 $19) 51... Kg5 52. Qxe5+ Kg4 53. Qe6+ Qf5 54. hxg3 (54. Qxb3 $2 Qe4+ 55. Kf2 Qe2#) 54... f3+ 55. Kh1 (55. Kf2 Rb2+ 56. Kf1 Rb1+ 57. Kf2 Rb2+ 58. Kf1 Rb1+ 59. Kf2 Rb2+ $11) 55... Qxe6 56. Rxe6) 47... Re3 $1 $19 (47... Rxb3 $2 48. Rxg7+ $3 Kxg7 49. Qxe5+ Kf7 50. Qe8+ Kf6 51. Qxh5 $18) 48. Qa8 Qf3+ (48... Ng3+ 49. Rxg3 $1 Re1+ 50. Rg1 Rxg1+ 51. Kxg1 Qg6+ 52. Qg2 Qb1+ 53. Qf1 $18) 49. Qxf3 Rxf3 {[%emt 0:00:01][%mdl 4096] Endgame KRR-KRN} 50. Rd5 $2 (50. Rd7 {was the only defense.}) 50... Re3 $1 51. Rxc5 {[%emt 0:00:05] [#]} Nd4 $2 (51... Rxb3 52. Rxe5 g6 53. Rxa5 $11) (51... f3 $1 $19 {[%cal Rf3f2] White must now prevent ...f2.} 52. Rxa5 Re2) 52. Rc7 $1 $11 Nf3 (52... Nxb3 $2 53. Rcxg7+ Kh6 54. Rg8 $18) 53. Rcxg7+ (53. Rgxg7+ $11 {and White stays safe.} Kh6 54. Rg8) 53... Kh6 $19 {[%emt 0:00:01] aiming for ...Re2.} 54. R1g6+ Kh5 {[%emt 0:00:01] Strongly threatening ...Re2.} 55. Re6 {[%emt 0:00:14] [#]} (55. Ra6 {was worth a try.}) 55... Re1+ $2 (55... Rxb3 56. Re8 Kh6 57. Rg4 $11) (55... Re2 $1 $19 56. Rh7+ Kg4 57. Rg6+ Kf5) 56. Kg2 $11 e4 (56... Rg1+ $11 {remains equal.} 57. Kxf3 Rxg7) 57. Rf7 ({Stronger than} 57. Rxa7 Re2+ 58. Kf1 Ra2 $17) (57. Kf2 $16) 57... Re2+ 58. Kf1 Rxh2 {[%emt 0:00:16] Hoping for ...e3.} 59. Rxf4 Kg5 60. Rfxe4 Nd2+ 61. Ke1 Nxe4 62. Rxe4 {[%emt 0:00:01] KR-KR} Rb2 $2 (62... Rh1+ $11 63. Kd2 Kf6) 63. Re5+ Kf4 64. Rxa5 Ke3 65. Kf1 $2 (65. Kd1 $11) 65... Rf2+ $2 (65... Kf3 $11 66. Ke1 Rxb3) 66. Kg1 $2 (66. Ke1 $11) 66... Rf7 $2 (66... Rb2 $11) 67. b4 $2 (67. Kg2 $11) 67... Kd4 $2 (67... Rb7 $11) 68. Rb5 $2 (68. Kg2 $11) 68... Kc4 69. Rb8 $1 Rf6 $2 (69... Rf4 $11) 70. Rb7 $2 (70. Ra8 $11) 70... a6 71. Kg2 Kb3 $2 (71... Rh6 $11) 72. b5 $2 (72. Kg3 $11) 72... a5 73. Ra7 a4 74. Ra6 Rf8 75. b6 Rb8 76. Kf3 a3 77. Ke4 Rd8 $2 (77... a2 $11) 78. b7 a2 79. Rb6+ $2 (79. Ke5 $11) 79... Kc4 80. Ra6 Re8+ 81. Kf5 $2 (81. Kf3 $11) 81... Kb3 $2 (81... Rf8+ $11 82. Ke5 Rb8) 82. Ra8 Rb8 83. Rxb8 a1=Q {[%emt 0:00:01] KQ-KR} 84. Rc8 $2 {[%emt 0:00:11][%mdl 8192] Black keeps a firm grip on the game.} (84. Ra8 $11 Qf1+ 85. Ke6 Qh3+ 86. Kd6 Qg3+ 87. Kc6 Qc3+ 88. Kd7 Qd4+ 89. Kc7 (89. Kc6 Qe4+ 90. Kb6 Qb4+ 91. Kc6 Qe4+ 92. Kb6 Qb4+ 93. Kc6 Qe4+ $11) 89... Qc5+ 90. Kd7 Qb5+ 91. Kc7 Qe5+ 92. Kc6 Qe4+ 93. Kc7 Qf4+ 94. Kb6 Qd6+ 95. Kb5 Qe5+ 96. Kc6 Qe4+ 97. Kb6 Qb4+ 98. Kc6 Qe4+) 84... Qa5+ {[%emt 0:00:08] Black mates.} 85. Ke4 Qb4+ 86. Ke5 Qxb7 87. Rc5 Kb4 88. Rd5 Qe7+ 89. Kd4 Qe6 90. Re5 Qd6+ 91. Ke4 Kc4 92. Rf5 Qe6+ 93. Kf4 Kd4 94. Rg5 Qf6+ 95. Kg4 Ke4 96. Kh5 Qh8+ 97. Kg4 Qh6 98. Rh5 Qf4+ 99. Kh3 Kf3 {[%emt 0:00:02] Weighted Error Value: White=0.78/Black=0.53} 0-1

[Event "Czech Open-Rapid 2022"]
[Site "Pardubice"]
[Date "2022.07.20"]
[Round "3.14"]
[White "Rasik, Vitezslav"]
[Black "Laith, Kasib"]
[Result "1/2-1/2"]
[ECO "B50"]
[WhiteElo "2419"]
[BlackElo "2079"]
[Annotator "TA"]
[PlyCount "59"]
[EventDate "2022.07.20"]
[EventType "swiss"]
[EventCountry "CZE"]
[SourceTitle "playchess.com"]
[Source "ChessBase"]
[SourceQuality "1"]
[TimeControl "1200+10"]

1. e4 c5 2. Nf3 d6 3. g3 Nc6 4. Bg2 Nf6 5. d3 g6 6. O-O Bg7 7. Re1 O-O 8. c3 e5 9. h3 {[%emt 0:00:14] Recently 9.a4 got a lot of attention.} h6 {[%emt 0:02:21] A05: Réti Opening: 1 Nf3 Nf6.} 10. Be3 Be6 11. Nbd2 {[%emt 0:00:22] [#]} Qd7 $146 {[%emt 0:01:35] Black is slightly better.} ({Predecessor:} 11... b5 12. d4 cxd4 13. cxd4 exd4 14. Nxd4 Nxd4 15. Bxd4 Nd7 16. Bxg7 Kxg7 17. Nb3 Nb6 {1-0 (44) Prskalo,Z (1922)-Biljak,T (1795) Zagreb 2019}) 12. Kh2 b6 13. a4 d5 14. exd5 Nxd5 15. Nc4 Rad8 16. Qc2 Nde7 17. Rad1 Bf5 (17... Qc7 $17) 18. Bf1 (18. Qc1 $11) 18... Kh7 19. Bc1 Qc7 20. Qe2 f6 21. Nh4 Be6 22. f4 Nf5 (22... g5 $15 23. fxg5 hxg5) 23. Nxf5 $11 Bxf5 24. fxe5 fxe5 25. Bg2 Be6 26. Be4 Ne7 27. Rf1 Bf5 28. Ne3 Be6 29. Ng2 (29. a5 $14) 29... Bb3 30. Rde1 {[%emt 0:00:24] Weighted Error Value: White=0.17 (very precise) /Black=0.18 (very precise)} 1/2-1/2

[Event "Czech Open-Rapid 2022"]
[Site "Pardubice"]
[Date "2022.07.20"]
[Round "3.15"]
[White "Bertram, Karsten"]
[Black "Cerveny, Martin"]
[Result "0-1"]
[ECO "D00"]
[WhiteElo "2062"]
[BlackElo "2396"]
[Annotator "TA"]
[PlyCount "93"]
[EventDate "2022.07.20"]
[EventType "swiss"]
[EventCountry "CZE"]
[SourceTitle "playchess.com"]
[Source "ChessBase"]
[SourceQuality "1"]
[TimeControl "1200+10"]

1. d4 d5 2. Nc3 Nf6 3. Bf4 e6 4. Nb5 Na6 5. e3 c6 6. Nc3 {[%emt 0:00:02] D00: 1 d4 d5: Unusual lines.} c5 7. Bxa6 bxa6 {[%emt 0:00:01] [#]} 8. Na4 $146 {[%emt 0:00:14] The position is equal.} ({Predecessor:} 8. Nf3 cxd4 9. exd4 Be7 10. O-O O-O 11. Re1 Bb7 12. Ne5 Rc8 13. Bg5 h6 14. Bh4 {1-0 (42) Lugovskoy,M (2436)-Sergeyev,A (2400) Sochi 2016}) 8... cxd4 9. exd4 Bd7 10. c3 (10. Nc3 $11 {keeps the balance.}) 10... Qa5 $17 11. Nc5 Bxc5 12. dxc5 Qxc5 13. Nf3 Qc4 14. Qd4 Qxd4 15. cxd4 Ke7 16. Ne5 Rhc8 17. O-O Ne8 18. Rfc1 f6 19. Nd3 Rc4 20. Rxc4 dxc4 21. Nc5 a5 22. Rc1 g5 23. Bg3 h5 {[%emt 0:02:00] Strongly threatening ...h4.} 24. h4 ({Don't go for} 24. Rxc4 $2 h4 25. Nxd7 Kxd7 $19) 24... gxh4 25. Bf4 Bb5 26. a4 Bc6 27. Rxc4 Bd5 28. Rc3 Rc8 29. f3 Rc6 30. Kf2 (30. Ne4 $11) 30... Ng7 31. Ke3 (31. Nd3 $15) 31... Nf5+ $19 32. Kd3 h3 (32... Rb6 $142 $1 33. b3 Rb4) 33. g4 (33. gxh3 $17 {was the only defense.} Bxf3 34. Ne4 Rxc3+ 35. bxc3) 33... hxg4 34. fxg4 {[%emt 0:00:01] [#]} Nd6 (34... Nh6 $1 $19 35. Bxh6 h2) 35. b3 $2 (35. g5 $17) 35... Nf7 36. Kd2 Bg2 37. Re3 e5 $2 (37... Ng5 38. Ke2 e5) 38. Nd3 {[%emt 0:00:29][%cal Rd4e5] [#]} Rb6 (38... Ng5 $1 $19 {[%cal Rg5e4] And now ...Ne4+ would win.} 39. dxe5 Nf3+ 40. Ke2 h2 41. exf6+ Kxf6 42. g5+ Kf5 43. Bxh2 Nxh2 44. Re5+ Kg4) 39. dxe5 ({White should try} 39. Kc3) 39... Rxb3 $17 40. exf6+ Kxf6 41. Nf2 (41. Re8 $17) 41... Rb2+ $19 42. Ke1 Rb4 43. Bc7 Rc4 ({Inferior is} 43... Rxa4 44. Nxh3 Rxg4 45. Nf4 $15) 44. Bb8 Ng5 ({And not} 44... Rxa4 45. Nxh3 Rxg4 46. Nf4 $17) 45. Be5+ Kg6 46. Bg3 Rxa4 47. Rd3 {Weighted Error Value: White=0.30/Black=0.17 (very precise)} 0-1

[Event "Czech Open-Rapid 2022"]
[Site "Pardubice"]
[Date "2022.07.20"]
[Round "3.17"]
[White "Meszaros, Ludek"]
[Black "Seger, Ruediger"]
[Result "1/2-1/2"]
[ECO "B10"]
[WhiteElo "2049"]
[BlackElo "2299"]
[Annotator "TA"]
[PlyCount "64"]
[EventDate "2022.07.20"]
[EventType "swiss"]
[EventCountry "CZE"]
[SourceTitle "playchess.com"]
[Source "ChessBase"]
[SourceQuality "1"]
[TimeControl "1200+10"]

1. e4 c6 2. Ne2 d5 3. e5 c5 4. d4 Nc6 5. c3 cxd4 6. cxd4 {B12: Caro-Kann: Advance Variation.} Bf5 7. Nbc3 e6 8. Ng3 {The position is equal.} Bg6 9. h4 h5 10. Bd3 (10. Be3 $11) 10... Bxd3 $15 11. Qxd3 Be7 {[#]} 12. Nge2 $146 ({Predecessor:} 12. Be3 a6 13. O-O-O g6 14. Nge2 Nh6 15. Bxh6 Rxh6 16. g3 Kf8 17. Kb1 Kg7 18. Nf4 {1-0 (39) Safarli,E (2678)-Izoria,Z (2589) Chess.com INT 2016}) 12... Nh6 13. Bxh6 Rxh6 14. g3 Rc8 15. O-O-O ({White should play} 15. Kf1 $11) 15... Nb4 16. Qb5+ Qd7 {[#] Hoping for ...Qxb5.} 17. Qxd7+ Kxd7 18. Kb1 Rhh8 19. a3 Nc6 20. Rc1 Na5 21. Ka2 Nc4 22. Rhd1 Rc6 23. Nb1 Rhc8 24. b3 {[#]} (24. Rc3 $15) 24... Na5 $2 ({Black should try} 24... Nxe5 $1 $19 {[%mdl 512] aiming for ...Rc2+.} 25. Rxc6 Rxc6) 25. Rxc6 (25. Kb2 {is more complex.} b5 26. Nd2 b4 27. a4) 25... bxc6 26. Nd2 Nb7 27. b4 {Against c5} a5 28. Kb3 Rb8 29. Kc3 axb4+ 30. axb4 Ra8 {Prevents Ra1.} 31. Rb1 g6 32. Nc1 Ra3+ {Weighted Error Value: White=0.15 (very precise) /Black=0.13 (very precise)} 1/2-1/2

[Event "Czech Open-Rapid 2022"]
[Site "Pardubice"]
[Date "2022.07.20"]
[Round "3.18"]
[White "Mojzis, Jaroslav"]
[Black "Krak, Tomas"]
[Result "1-0"]
[ECO "E65"]
[WhiteElo "2108"]
[BlackElo "2312"]
[Annotator "TA"]
[PlyCount "129"]
[EventDate "2022.07.20"]
[EventType "swiss"]
[EventCountry "CZE"]
[SourceTitle "playchess.com"]
[Source "ChessBase"]
[SourceQuality "1"]
[TimeControl "1200+10"]

1. Nf3 Nf6 2. g3 g6 3. Bg2 Bg7 4. O-O O-O 5. d4 d6 6. c4 c5 7. Nc3 cxd4 8. Nxd4 Nc6 9. Nc2 Qa5 10. Bd2 Qh5 11. Ne3 {[%emt 0:02:08] A38: Symmetrical English vs ...g6: 4 Bg2 Bg7 5 Nf3 Nf6.} (11. e4 {seems wilder.} Bg4 12. f3 Bh3 13. Qe2) 11... Bh3 {[%emt 0:00:36] [#]} 12. Ncd5 $146 (12. Bf3 $5 Qc5 13. Re1 $11) ({Predecessor:} 12. Bf3 Ng4 13. Ncd5 Nxe3 14. Bxe3 Qe5 15. Re1 e6 16. Nf4 Bf5 17. Nd3 Bxd3 18. exd3 Qxb2 {½-½ (33) Markus,R (2599)-Ruck,R (2530) Slovenia 2019}) 12... Bxg2 13. Kxg2 {[%emt 0:00:02] Black is slightly better.} Ng4 14. h3 Nxe3+ 15. Bxe3 Qe5 ({Don't play} 15... Bxb2 16. Rb1 Bg7 17. Rxb7 $14) (15... e6 $5 16. Nc3 Bxc3 17. bxc3 Rad8 $15) 16. Qc2 Rab8 17. Rab1 Qe6 18. b3 Rfc8 19. Qd3 b6 20. Rfe1 Ne5 (20... Qd7 $5 ) 21. Qd2 Nc6 22. f3 b5 23. Rec1 (23. Rbc1 $14 {might be stronger.}) 23... Qd7 (23... bxc4 $1 $11 {keeps the balance.} 24. g4 cxb3 25. Rxb3 Rxb3 26. axb3 Qd7) 24. Rc2 {[%emt 0:01:08] White is more active.} (24. cxb5 $16 Rxb5 25. Bg5) 24... e6 25. Nf4 bxc4 26. Rxc4 d5 27. Rc2 Ne7 28. Rbc1 Rxc2 29. Rxc2 e5 {[%emt 0:01:18] And now ...d4 would win.} 30. Nd3 d4 31. Bf2 Rc8 32. Rxc8+ Qxc8 33. Qa5 {[%emt 0:00:24][%csl LRa7,LRe5] Inhibits Nd5.} Nc6 34. Qc5 {Black must now prevent Nb4.} Qe6 35. Qc2 Bf8 36. Nc5 Qd5 37. Ne4 {[%emt 0:00:10] aiming for Nf6+.} Be7 {[%emt 0:00:03] Inhibits Nf6+.} 38. g4 Kg7 39. Be1 h6 40. Bd2 a6 41. Qd3 (41. Qc1 {is interesting.} h5 42. Bh6+ Kg8 43. gxh5 Qe6 44. Bg5) 41... Qb5 42. Qxb5 axb5 $11 {[%emt 0:00:01][%mdl 4096] Endgame KBN-KBN} 43. a4 bxa4 44. bxa4 f5 45. gxf5 gxf5 46. Nf2 Bg5 {[%emt 0:00:27] [#]} (46... Bd8 $11) 47. Be1 (47. f4 $1 $16 exf4 48. Be1) 47... Kf6 48. Nd3 Ke6 {[%emt 0:00:09] [#]} (48... e4 $1 $11 49. Nb4 Nxb4 50. Bxb4 Ke5) 49. f4 $1 $16 Bxf4 (49... exf4 $16 50. a5 Kd7) 50. Nxf4+ $18 exf4 $16 {[%emt 0:00:01] KB-KN} 51. Kf3 $2 (51. a5 $18) 51... d3 $2 ({Black should try} 51... Ne5+ $1 $14 52. Kxf4 d3) 52. exd3 $18 {[%emt 0:00:21] Strongly threatening Bc3.} Ne5+ 53. Ke2 f3+ 54. Ke3 Kd5 55. Bc3 $2 (55. Bg3 $18 {Hoping for Bxe5.} Nc6 56. Kxf3) 55... f4+ $2 (55... f2 $1 $14 56. Kxf2 Nxd3+ 57. Kf3 Nc5) 56. Kf2 {[%emt 0:00:21] Threatens to win with Bxe5.} Nxd3+ 57. Kxf3 h5 58. Bd2 Ke5 (58... Nc5 $142 59. a5 (59. Kxf4 Nxa4 60. h4 Nc5 $11) 59... Kc6 60. Bxf4 Kb5) 59. a5 {[%emt 0:00:01][%cal Ba4a5,Ba5a6][%mdl 32] White wants to mate with a6.} Kf5 60. a6 {[%emt 0:00:04] White mates.} Ne5+ 61. Kf2 Nc6 {[%emt 0:00:12] [#]} 62. Bb4 $1 Kg5 (62... Nxb4 63. a7) 63. Bc5 Kh4 64. Kg2 f3+ 65. Kh2 {[%emt 0:00:08] Weighted Error Value: White=0.29 (precise) /Black=0.56} (65. Kxf3 $142 Kg5 66. Ke4 Kf6 67. Kd5 Nd8 68. a7 Ne6 69. Bd6 Kf5 70. a8=Q) 1-0

[Event "Czech Open-Rapid 2022"]
[Site "Pardubice"]
[Date "2022.07.20"]
[Round "3.19"]
[White "Savitha Shri B"]
[Black "Jurek, Josef"]
[Result "1-0"]
[ECO "C03"]
[WhiteElo "2278"]
[BlackElo "2200"]
[Annotator "TA"]
[PlyCount "55"]
[EventDate "2022.07.20"]
[EventType "swiss"]
[EventCountry "CZE"]
[SourceTitle "playchess.com"]
[Source "ChessBase"]
[SourceQuality "1"]
[TimeControl "1200+10"]

1. e4 e6 2. d4 d5 3. Nd2 Be7 4. Ngf3 Nf6 5. e5 Nfd7 6. c3 c5 7. Bd3 Nc6 8. O-O a5 9. Re1 {[%emt 0:00:41] 9.a4 injects fresh life into this line.} cxd4 10. cxd4 Qb6 11. Nf1 {[%emt 0:01:34] C06: French Tarrasch: 3...Nf6 4 e5 Nfd7 5 Bd3 main lines.} (11. a4 $11) 11... Nxd4 $15 12. Nxd4 Qxd4 13. Ng3 {[%emt 0:00:03] [#] Black is better.} h5 $146 ({Much weaker is} 13... Bc5 14. Be3 Qb4 15. a3) (13... Bb4 $5 14. Re3 (14. Bb5 Qb6 $17) 14... Bc5 $17) ({Predecessor:} 13... Bc5 14. Qc2 b6 15. a3 Qh4 16. Bd2 O-O 17. b4 axb4 18. axb4 Rxa1 19. Rxa1 Bxf2+ {0-1 (19) Lundin,J (2300)-Farago,I (2531) Deizisau 2007}) 14. Be3 ({But not} 14. Bb5 Qxd1 15. Rxd1 h4 $17) 14... Qxe5 15. f4 (15. Bb5 $15) 15... Qf6 ({Black should play} 15... Qxb2 $17 {aiming for ...h4.} 16. Rb1 Qf6) 16. Nxh5 Qh4 (16... Qh6 $5 17. g4 O-O $15) 17. Be2 {[%emt 0:00:09] Active counter play!} g6 $2 {[%emt 0:00:49][%mdl 8192] [#] Loses the game.} (17... Bb4 $1 $11 {and Black is okay.} 18. Bf2 Qe7 19. Nxg7+ Kf8) 18. g3 $1 $18 Qh3 19. Bg4 Rxh5 20. Bxh3 Rxh3 21. Rc1 b5 (21... Rh8 $142 22. Bd4 Rh5) 22. Qc2 Bb4 23. Qc6 Rb8 24. Ba7 Bb7 25. Qc7 Bxe1 26. Bxb8 Bd2 {[%emt 0:00:37] [#]} 27. Qxb7 $1 Bxc1 (27... Rxg3+ 28. hxg3) 28. Bd6 {[%emt 0:00:02] Weighted Error Value: White=0.15 (very precise) /Black=1.21} 1-0

[Event "Czech Open-Rapid 2022"]
[Site "Pardubice"]
[Date "2022.07.20"]
[Round "3.20"]
[White "Brejnik, Gustav"]
[Black "Kraus, Ondrej"]
[Result "0-1"]
[ECO "A61"]
[WhiteElo "2292"]
[BlackElo "1993"]
[Annotator "TA"]
[PlyCount "78"]
[EventDate "2022.07.20"]
[EventType "swiss"]
[EventCountry "CZE"]
[SourceTitle "playchess.com"]
[Source "ChessBase"]
[SourceQuality "1"]
[TimeControl "1200+10"]

1. d4 Nf6 2. c4 e6 3. Nf3 c5 4. d5 exd5 5. cxd5 d6 6. Nc3 g6 7. Nd2 Bg7 8. e4 O-O 9. Be2 Nbd7 10. O-O g5 {[%emt 0:03:33] A73: Modern Benoni: Classical: Unusual Black 9th moves.} (10... Re8 $11 {keeps the balance.}) 11. Nc4 $16 {[%emt 0:00:24][%csl LRd6,LRg5] [#]} b5 $146 ({Predecessor:} 11... Ne8 12. Bg4 Ne5 13. Bxc8 Nxc4 14. Bf5 Ne5 15. Ne2 c4 16. Be3 Nd3 17. Rb1 h6 18. b3 {1-0 (37) Dydyshko,V (2545)-Doghri,N (2350) Yerevan 1996}) 12. Nxb5 Nxe4 {[%emt 0:01:01] White is clearly better.} 13. Nbxd6 (13. f3 $18 Nef6 14. Bxg5 (14. Nbxd6 Nb6 $16)) 13... Nxd6 14. Nxd6 Nb6 15. Nxc8 Rxc8 16. Bf3 Bd4 17. Qb3 f5 18. h3 {[%emt 0:00:54] Inhibits g4.} h6 (18... Rb8 $142) 19. a4 (19. Be3 $142) 19... Qd6 (19... Rb8 $142) 20. a5 (20. Re1 $1 $16 ) 20... Nd7 $11 21. Ra4 (21. Be3 $5 ) 21... Rb8 22. Qa2 (22. Qa3 $1 $14 Qg6 23. Be3 Bxb2 24. Qd3) 22... Ne5 23. Be2 {[%emt 0:00:09] [#]} (23. Bh5 $11) 23... Rfd8 {[%emt 0:00:50] Black is much more active. The white rooks are badly placed.} ({Better is} 23... f4 $1 $17 {[%cal Rf4f3] White must now prevent ...f3.} 24. Ra3 Kg7) 24. Qb1 f4 $36 {[%emt 0:00:26][%mdl 2048] Black fights for an advantage.} 25. Qf5 (25. b4 $1 $11 {remains equal.}) 25... Qxd5 $17 (25... Rd7 {is interesting.} 26. Qe6+ Kg7 27. Rd1 Qxd5 28. Qxd5 Rxd5 29. Kf1 Rdd8) 26. Bc4 Nxc4 {[%emt 0:00:05] Chess con chili.} 27. Qxd5+ Rxd5 28. Rxc4 Bxb2 29. Bxb2 Rxb2 {[%emt 0:00:03][%mdl 4096] Endgame KRR-KRR} 30. Re1 Rdd2 (30... Kf7 $17 {aiming for ...Rdd2.} 31. Rce4 Rd7) 31. Rxc5 $2 (31. Rce4 $1 $11) 31... Rxf2 32. Rc8+ $2 {[%emt 0:00:07] This move loses the game for White.} (32. Re7 $17 Rxg2+ 33. Kf1 Rbf2+ 34. Ke1) 32... Kf7 $19 33. Rc7+ {[%emt 0:00:02] [#]} Kg6 $1 34. Rc6+ (34. g4 $19 fxg3 35. Rc6+ Kh5 36. a6) 34... Kh5 {[%emt 0:00:15] Black mates.} 35. Ree6 Rxg2+ 36. Kf1 Kh4 37. Rxh6+ Kg3 38. Rc1 Rbf2+ 39. Ke1 Rg1# {Weighted Error Value: White=0.71/Black=0.32} 0-1

[Event "Czech Open-Rapid 2022"]
[Site "Pardubice"]
[Date "2022.07.20"]
[Round "3.21"]
[White "Koska, Jiri"]
[Black "Akesson, Ralf"]
[Result "0-1"]
[ECO "A05"]
[WhiteElo "1856"]
[BlackElo "2427"]
[Annotator "TA"]
[PlyCount "124"]
[EventDate "2022.07.20"]
[EventType "swiss"]
[EventCountry "CZE"]
[SourceTitle "playchess.com"]
[Source "ChessBase"]
[SourceQuality "1"]
[TimeControl "1200+10"]

1. Nf3 Nf6 2. g3 b5 3. Bg2 Bb7 4. O-O e6 5. d4 c5 6. e3 {[%emt 0:00:09] A46: 1 d4 Nf6 2 Nf3 e6: Torre, London and Colle Systems.} Be7 7. Nbd2 O-O 8. dxc5 {[%emt 0:02:53] [#] The position is equal.} Na6 $146 ({Predecessor:} 8... Bxc5 9. b3 d5 10. Bb2 Nbd7 11. Nd4 b4 12. Re1 Qb6 13. c4 bxc3 14. Bxc3 Rac8 {0-1 (42) Kiselev,A (2250)-Reshetnikov,A Smolensk 2001}) 9. Nb3 (9. Nd4 $5 Qc8 10. Bxb7 Qxb7 11. Qf3 Qxf3 12. N2xf3 $11) 9... Nxc5 10. Nxc5 Bxc5 11. Bd2 Ne4 12. a3 Qe7 13. Qe1 Nxd2 14. Qxd2 Rfc8 15. Rfd1 d5 (15... Qf6 {keeps more tension.} 16. Nd4 Bxg2 17. Kxg2 Bxd4 18. exd4 Qf5) 16. Nd4 a6 17. c3 Rab8 18. Rac1 g6 19. Qe2 Rd8 20. Nb3 f5 21. Nxc5 Qxc5 22. Qd3 Rbc8 23. Qd4 Kf7 24. Rd2 Qe7 25. Qe5 (25. f4 {feels hotter.} Rc4 26. Qe5 Qf6 27. Qxf6+ Kxf6 28. Kf2) 25... Qf6 (25... Rc5 {keeps more tension.} 26. Rd4 h5 27. Rcd1 Qf6) 26. Qxf6+ (26. Qf4 {is interesting.} g5 27. Qd4 Qe7 28. Bf1) 26... Kxf6 27. Rdc2 g5 28. Re2 h5 29. f4 Rg8 30. Kf2 h4 31. Rce1 Rc7 32. gxh4 gxh4 33. Bh3 Rcg7 34. Kf1 e5 (34... a5 $15) 35. fxe5+ $11 Kxe5 36. Rf2 Bc8 37. Ke2 Be6 (37... Rg1 $11 {is more appropriate.}) 38. Ref1 (38. Rf4 $5 ) 38... Rg5 (38... a5 $11) 39. Rf4 $16 Rh5 40. Ke1 a5 41. Kd2 Rb8 42. Rd4 Rg8 43. Rdf4 (43. Kc2 $16) 43... Bd7 ({Black should play} 43... Rb8 $1 $11) 44. Rd4 (44. Rd1 $14) 44... Rh6 (44... Be6 $1 $11 {keeps the balance.}) 45. Rff4 (45. e4 $16 Rd6 46. exf5) 45... Rg1 $1 $11 46. Rxh4 (46. Rf2 $5 ) 46... Rhg6 (46... Rxh4 $11 47. Rxh4 Rb1) 47. Rhf4 ({Better is} 47. Kc2 $1 $14) 47... Rb1 48. Kc2 Rgg1 49. Rd2 (49. Bg2 $1 $11) 49... Rbc1+ (49... Rgc1+ $17 50. Kd3 b4) 50. Kb3 Be6 51. Rfd4 Rce1 52. R2d3 $2 (52. Bg2 $11 {and White is okay.}) 52... Re2 $19 53. Rd2 (53. a4 $142 bxa4+ 54. Kxa4 Rxh2 55. Bxf5 Ra1+ 56. Kb5 Rxb2+ 57. Kc5 Kxf5 58. Rh4) 53... Rxe3 $2 (53... Rxd2 $19 {has better winning chances.} 54. Rxd2 d4+ 55. Kc2 dxe3) 54. R2d3 $2 (54. Bg2 $17) 54... Rxd3 55. Rxd3 {[%emt 0:00:01][%mdl 4096] Endgame KRB-KRB} Rh1 56. Rd2 {[%emt 0:00:01] [#]} d4+ (56... Rc1 $1 $19 {( -> ...d4+)} 57. Rd4 a4+ 58. Kb4 Rc2 59. Kxb5 Rxh2) 57. Kc2 $15 dxc3 58. Kxc3 Re1 {[%emt 0:00:20] And now ...Bc4 would win.} 59. Bg2 f4 60. Bf3 Rf1 61. Be2 (61. Re2+ $11 {and White has nothing to worry.} Kf6 62. Bg2 Rc1+ 63. Rc2 b4+ 64. axb4 axb4+ 65. Kd2) 61... Rc1+ $19 62. Kd3 {[%emt 0:00:15] [#]} (62. Rc2 $19 b4+ 63. Kd2) 62... Bc4# {[%emt 0:00:06] Weighted Error Value: White=0.63/Black=0.33} 0-1